 Dungeon Crawl Stone Soup version 0.21-a0-531-gacddea6 (webtiles) character file.

167 poofeast420 the Chopper (level 5, -7/45 HPs)
             Began as a Hill Orc Berserker on Dec 12, 2017.
             Was a Believer of Trog.
             Mangled by Sigmund
             ... wielding a +3 scythe of distortion
              (12 damage)
             ... on level 2 of the Dungeon.
             The game lasted 00:01:25 (1391 turns).

poofeast420 the Chopper (Hill Orc Berserker)        Turns: 1391, Time: 00:01:26

Health: -7/45      AC:  9    Str: 21    XL:     5   Next: 48%
Magic:  5/5        EV:  8    Int:  7    God:    Trog [**....]
Gold:   75         SH:  0    Dex: 10    Spells: 4/4 levels left

rFire    . . .     SeeInvis .   a - +0 hand axe
rCold    . . .     Gourm    .   (no shield)
rNeg     . . .     Faith    .   p - +0 chain mail
rPois    .         Spirit   .   (no helmet)
rElec    .         Reflect  .   (no cloak)
rCorr    .         Harm     .   o - +0 pair of gloves
MR       ++...                  (no boots)
Stlth    ..........             (no amulet)
HPRegen  1.15/turn              (no ring)
MPRegen  0.09/turn              (no ring)

@: berserk cooldown, regenerating, slowed, very slow
A: no striking features
a: Berserk, Trog's Hand, Burn Spellbooks, Renounce Religion


You were on level 2 of the Dungeon.
You worshipped Trog.
Trog was pleased with you.
You were near starving.

You visited 1 branch of the dungeon, and saw 2 of its levels.

You collected 75 gold pieces.

Inventory:

Hand Weapons
 a - a +0 hand axe (weapon)
Armour
 b - a +0 animal skin
 g - a +0 ring mail
 o - a +0 pair of gloves (worn)
 p - a +0 chain mail (worn)
Scrolls
 h - a scroll of immolation {unknown}
 i - 4 scrolls of identify {unknown}
 k - a scroll of teleportation {unknown}
 n - a scroll of amnesia {unknown}
Potions
 d - a potion of mutation {unknown}
 e - 2 potions of curing {unknown}
 j - a potion of brilliance {unknown}
 l - 2 potions of agility {unknown}
 m - a potion of flight {unknown}
Comestibles
 c - 2 bread rations
 f - 3 fruits


   Skills:
 - Level 3.6 Fighting
 + Level 7.9 Axes
 - Level 2.1 Armour
 - Level 1.5 Dodging


You had 4 spell levels left.
You didn't know any spells.

Dungeon Overview and Level Annotations

Branches:
Dungeon (2/15)

Altars:
Nemelex Xobeh
Okawaru

Annotations:
D:2 1 runed door, Sigmund


Message History

* * * LOW HITPOINT WARNING * * *
You hit Sigmund but do no damage.
Sigmund is heavily wounded.
Sigmund gestures wildly while chanting.
Sigmund flickers and vanishes!
Deactivating autopickup; reactivate with Ctrl-A.
You closely miss something.
You hear some strange, mumbled words.
A magic dart appears from out of thin air!
The magic dart hits you!
* * * LOW HITPOINT WARNING * * *
You miss something. Something hits you.
* * * LOW HITPOINT WARNING * * *
You blink.
You aren't carrying any items that you can evoke.
Unknown command.
Your skin crawls.
You feel resistant to hostile enchantments.
You feel somewhat more hungry. Something hits you!
You die...

.............# .#
....#.######.# .#
#.#>#.######.######.#
#.###......#.#....#.##
#.#
######.#...##.#..##
#.# #.######.#... #.
#........#.#.#
#########.{_..#
........@.#.###
#########...# #####


There were no monsters in sight!

Vanquished Creatures
  Jessica (D:2)
  Natasha (thrice) (D:2)
  3 adders (D:2)
  5 dart slugs
  3 giant cockroaches (D:2)
  4 goblins
  A hobgoblin (D:1)
  4 jackals (D:2)
  A kobold (D:2)
  5 bats
  3 frilled lizards
  2 rats
35 creatures vanquished.

Notes
Turn   | Place    | Note
-------+----------+-------------------------------------------
     0 | D:1      | poofeast420 the Hill Orc Berserker began the quest for the Orb.
     0 | D:1      | Reached XP level 1. HP: 19/19 MP: 1/1
    58 | D:1      | Reached XP level 2. HP: 21/26 MP: 2/2
   260 | D:1      | Reached skill level 5 in Axes
   383 | D:2      | Noticed Natasha
   388 | D:2      | Reached XP level 3. HP: 24/31 MP: 3/3
   390 | D:2      | Killed Natasha
   390 | D:2      | Reached skill level 6 in Axes
   402 | D:2      | Reached XP level 4. HP: 31/39 MP: 4/4
   403 | D:2      | Reached ** piety under Trog
   545 | D:2      | Noticed Natasha
   552 | D:2      | Killed Natasha
   642 | D:2      | Noticed Natasha
   652 | D:2      | Killed Natasha
   652 | D:2      | Reached skill level 7 in Axes
   696 | D:2      | Reached XP level 5. HP: 38/45 MP: 5/5
   721 | D:2      | Found a sparkling altar of Nemelex Xobeh.
  1001 | D:2      | Noticed Jessica
  1010 | D:2      | Killed Jessica
  1081 | D:2      | Found a runed door.
  1344 | D:2      | Found an iron altar of Okawaru.
  1375 | D:2      | Noticed Sigmund
  1391 | D:2      | Mangled by Sigmund

Vault maps used:
D:1:      matt_arrival_refuge, minmay_statues_item, hangedman_feature_mirror
D:2:      old_standard_altar, lemuel_crystal_altar, uniq_sigmund, uniq_jessica,
          uniq_crazy_yiuf_cottage, uniq_natasha

Skill      XL: |  1  2  3  4 |
---------------+-------------+-----
Axes           | 5 6 7 |  7.9
Fighting       | |  3.6
Armour         | |  2.1
Dodging        | |  1.5

Action                   |  1- 3 |  4- 6 || total
-------------------------+-------+-------++-------
Melee: Hand axe          |    58 |    52 ||   110
Invok: Berserk           |     1 |     3 ||     4
       Trog's Hand       |       |     1 ||     1
 Stab: Sleeping          |     1 |       ||     1
  Eat: Chunk             |       |     4 ||     4
Armor: Ring mail         |     7 |     9 ||    16
       Animal skin       |     4 |       ||     4
       Chain mail        |       |     5 ||     5
Dodge: Dodged            |    35 |    29 ||    64

Table legend:
 A = Spawn XP
 B = Non-spawn XP
 C = Spawn XP percentage of total XP
 D = Spawn monster count
 E = Non-spawn monster count
 F = Spawn count percentage of total count
 G = Total turns spent on level
                    A         B        C        D         E        F      G
               +---------+---------+-------+---------+---------+-------+---------
         Total |       0 |     239 |   0.0 |       0 |      35 |   0.0 |  1391
               +---------+---------+-------+---------+---------+-------+---------
           D:1 |       0 |      29 |   0.0 |       0 |      13 |   0.0 |   345
           D:2 |       0 |     210 |   0.0 |       0 |      22 |   0.0 |  1046
               +---------+---------+-------+---------+---------+-------+---------
